 Dungeon Crawl Stone Soup version 0.27.1-33-g824d729ab1 (webtiles) character file.

Game seed: 3389516429682003066

165 pkoi the Charlatan (level 5, -2/40 HPs)
             Began as a Draconian Artificer on Dec 2, 2021.
             Was an Initiate of Nemelex Xobeh.
             Killed from afar by an orc wizard (4 damage)
             ... with a magic dart
             ... on level 3 of the Dungeon.
             The game lasted 00:04:29 (4131 turns).

pkoi the Charlatan (Draconian Artificer)            Turns: 4131, Time: 00:04:30

Health: -2/40      AC:  7    Str: 14    XL:     5   Next: 21%
Magic:  5/5        EV: 12    Int: 13    God:    Nemelex Xobeh [......]
Gold:   178        SH:  0    Dex: 11    Spells: 4/4 levels left

rFire    . . .     SeeInvis .   e - +0 whip (vamp)
rCold    . . .     Faith    .   (no shield)
rNeg     . . .     Spirit   .   (armour unavailable)
rPois    .         Reflect  .   (helmet restricted)
rElec    .         Harm     .   (no cloak)
rCorr    .         Rampage  .   (no gloves)
Will     .....                  f - +1 pair of boots
Stlth    +.........             (no amulet)
HPRegen  0.13/turn              (no ring)
MPRegen  0.09/turn              (no ring)

@: no status effects
A: AC +5, unfitting armour, cold-blooded
a: Renounce Religion, Draw Escape, Draw Destruction, Draw Summoning


You were on level 3 of the Dungeon.
You worshipped Nemelex Xobeh.
Nemelex Xobeh was noncommittal.
You visited 1 branch of the dungeon, and saw 4 of its levels.

You collected 178 gold pieces.

Inventory:

Hand Weapons
 a - a +0 club
 e - a +0 vampiric whip (weapon)
Armour
 f - a +1 pair of boots (worn)
Wands
 b - a wand of flame (4) (quivered)
 c - a wand of charming (15)
Scrolls
 g - a scroll of teleportation
Potions
 h - a potion of curing
Miscellaneous
 d - a piece from Xom's chessboard (14/15)


   Skills:
 - Level 1.6 Fighting
 + Level 3.0 Dodging
 - Level 0.8 Stealth
 * Level 3.3 Unarmed Combat
 + Level 3.8 Evocations


You had 4 spell levels left.
You didn't know any spells.
Your spell library contained the following spells:

 Spells                   Type           Power      Damage    Failure   Level
 Summon Ice Beast         Ice/Summ       0%         N/A       97%         4
 Summon Mana Viper        Hex/Summ       0%         N/A       100%        5
 Monstrous Menagerie      Summ           0%         N/A       100%        7


Dungeon Overview and Level Annotations

Branches:
Dungeon (4/15)
 Temple: D:4-7

Altars:
Nemelex Xobeh
Xom
Zin

Shops:
D:4 *


Innate Abilities, Weirdness & Mutations

Your plain brown scales are hard. (AC +5)
You cannot fit into any form of body armour.
You are cold-blooded and may be slowed by cold attacks.


Message History

The orc wizard hits you but does no damage.
You hit the orc wizard.
You feel better.
The orc wizard is almost dead.
The orc wizard casts a spell at you.
The magic dart hits you but does no damage.
The orc wizard hits you with a +0 dagger.
You barely miss the orc wizard.
The orc wizard is almost dead.
The orc wizard completely misses you.
You barely miss the orc wizard.
The orc wizard is almost dead.
The orc wizard gestures wildly while chanting.
The orc wizard flickers and vanishes!
Deactivating autopickup; reactivate with Ctrl-A.
You miss something.
You hear some strange, mumbled words.
A puff of flame appears from out of thin air!
The puff of flame hits you.
You closely miss something. Something hits you.
* * * LOW HITPOINT WARNING * * *
You barely miss something. Something hits you.
* * * LOW HITPOINT WARNING * * *
You completely miss something.
You hear some strange, mumbled words.
A puff of flame appears from out of thin air!
The puff of flame hits you!
* * * LOW HITPOINT WARNING * * *
You hit something but do no damage. Something hits you.
* * * LOW HITPOINT WARNING * * *
You miss something.
You hear some strange, mumbled words.
A magic dart appears from out of thin air!
The magic dart hits you.
* * * LOW HITPOINT WARNING * * *
You barely miss something.
Your tail-slap misses something.
You hear some strange, mumbled words.
A magic dart appears from out of thin air!
The magic dart hits you.
You die...
Your body disappears without a glow.

......##.#####..##....#.##≈≈≈≈≈≈.
#..##.##.# #..##.#.##.##.≈..≈.≈
#..##.##.# #..........##.≈≈≈≈≈.
#........# #...#.#.#####.≈♣♣♣≈.
#.###.#..#####.....#.# ##.≈♣ ♣≈≈
..# #.##........?..>)# #..≈♣♣♣≈≈
#.# #.##.##.###..##### #..≈≈≈≈≈.
#.###....##.###.{########..≈≈.≈.≈
......#.........@...|.........###
#.#..###...##...................#
#...#####..###...##########.#.#.#
...###.###.......# #.........
..###._.###.####.# #.##.#.#.#
...###.###.......# #.##.....#
....#'#'#..####### #.####....
#....###..## #.# #.###
##....#..## #.# ##.###


There were no monsters in sight!

Vanquished Creatures
  An ogre (D:2)
  3 adders
  2 dart slugs (D:3)
  3 orcs (D:3)
  6 bats
  8 endoplasms
  A giant cockroach (D:3)
  3 goblins
  3 hobgoblins
  2 quokkas
  7 ball pythons
  4 frilled lizards
  2 kobolds (D:2)
  7 rats
52 creatures vanquished.

Notes
Turn   | Place    | Note
-------+----------+-------------------------------------------
     0 | D:1      | pkoi the Draconian Artificer began the quest for the Orb.
     0 | D:1      | Reached XP level 1. HP: 16/16 MP: 1/1
   633 | D:1      | Found a faded altar of an unknown god.
   671 | D:1      | Reached XP level 2. HP: 17/23 MP: 2/2
   788 | D:1      | Reached skill level 1 in Unarmed Combat
  1270 | D:2      | Found a shimmering altar of Xom.
  1496 | D:2      | Noticed an ogre
  2133 | D:2      | Reached XP level 3. HP: 19/28 MP: 3/3
  2368 | D:2      | Killed an ogre
  2369 | D:2      | Reached XP level 4. HP: 27/35 MP: 4/4
  2794 | D:3      | Reached XP level 5. HP: 17/40 MP: 5/5
  3861 | D:3      | Found a sparkling altar of Nemelex Xobeh.
  4039 | D:3      | Became a worshipper of Nemelex Xobeh the Trickster
  4061 | D:4      | Found a glowing silver altar of Zin.
  4061 | D:4      | Found Zin's Purification Station.
  4130 | D:3      | HP: 2/40 [something/magic dart (5)]
  4131 | D:3      | Killed from afar by an orc wizard

Illustrated notes

Levels and vault maps discovered:
D:1:      wander_arrival_lonely_grave, layout_loops_ring,
          hellmonk_ecumenical_altar_blasted, minivault_23
D:2:      layout_basic, serial_curves, eino_curves_02, eino_curves_02,
          basic_altar
D:3:      minmay_spotlight, layout_loops_ring, nemelex_diamond_rough_becter,
          kennysheep_boxes
D:4:      layout_basic, okawaru_metal_pillars_1_2, zin_purify, slow_altar_2

Skill      XL: |  1  2  3  4 |
---------------+-------------+-----
Unarmed Combat | 1 2 3 |  3.3
Dodging        | 3 |  3.0
Fighting       | |  1.6
Stealth        | |  0.8
Evocations     | |  3.8

Action                   |  1- 3 |  4- 6 || total
-------------------------+-------+-------++-------
Melee: Club              |   135 |       ||   135
       Tailslap          |    14 |    21 ||    35
       Whip              |    19 |   141 ||   160
       Punch             |       |     1 ||     1
Evoke: Wand              |     8 |     3 ||    11
       Piece from Xom's  |     5 |     1 ||     6
  Use: Potion            |     2 |     2 ||     4
       Scroll            |     1 |     5 ||     6
 Stab: Sleeping          |     1 |     2 ||     3
       Paralysed         |     8 |       ||     8
Armor: Skin              |    74 |    58 ||   132
Dodge: Dodged            |   150 |    71 ||   221
